 Dungeon Crawl Stone Soup version 0.28-a0-233-gb8ca4b6547 (webtiles) character file.

Game seed: 5007921420099929804

1090 lmSkywalker the Gusty (level 8, -1/41 HPs)
             Began as a Tengu Air Elementalist on Aug 22, 2021.
             Was an Initiate of Vehumet.
             Killed by their own static electricity (3 damage)
             ... on level 6 of the Dungeon.
             The game lasted 00:28:24 (8197 turns).

lmSkywalker the Gusty (Tengu Air Elementalist)      Turns: 8197, Time: 00:28:24

Health: -1/41      AC:  3    Str:  8    XL:     8   Next: 31%
Magic:  9/17       EV: 15    Int: 19    God:    Vehumet [......]
Gold:   217        SH:  0    Dex: 17    Spells: 8/18 levels left

rFire   . . .      SeeInvis .   D - +6 hand axe of Causality {vorpal, *Noise +Rage Dex+3}
rCold   . . .      Faith    .   (no shield)
rNeg    . . .      Spirit   .   a - +0 robe
rPois   .          Reflect  .   (helmet restricted)
rElec   .          Harm     .   (no cloak)
rCorr   .          Rampage  .   A - +0 pair of gloves
Will    .....                   (boots unavailable)
Stlth   ++........              (no amulet)
HPRegen 0.13/turn               B - ring of wizardry
MPRegen 0.15/turn               n - ring of wizardry

@: flying quickly and evasively, quick
A: beak, talons 3, nimble flight
a: Renounce Religion, Evoke Berserk Rage


You were on level 6 of the Dungeon.
You worshipped Vehumet.
Vehumet was noncommittal.
You visited 1 branch of the dungeon, and saw 7 of its levels.

You collected 217 gold pieces.

Inventory:

Hand Weapons
 m - a +1 falchion of freezing
 s - a +2 whip of electrocution
 u - a +3 spear
 D - the +6 hand axe of Causality (weapon) {vorpal, *Noise +Rage Dex+3}
   (You found it on level 6 of the Dungeon)

   It inflicts extra damage upon your enemies.
   Dex:       It affects your dexterity (+3).
   +Rage:     It lets you go berserk.
   *Noise:    It may make noises in combat.
Armour
 a - a +0 robe (worn)
 c - a +2 kite shield
 A - a +0 pair of gloves (worn)
Jewellery
 j - a ring of see invisible
 n - a ring of wizardry (right hand)
 B - a ring of wizardry (left hand)
Wands
 k - a wand of iceblast (9)
 y - a wand of mindburst (21)
Scrolls
 b - a scroll of enchant weapon {unknown}
 e - 6 scrolls of teleportation
 g - 2 scrolls of amnesia
 l - a scroll of holy word
 q - a scroll of enchant armour {unknown}
 r - a scroll of noise {unknown}
 v - a scroll of acquirement {unknown}
 w - a scroll of immolation {unknown}
 x - a scroll of fear {unknown}
 z - 2 scrolls of magic mapping
 C - a scroll of identify
Potions
 d - 2 potions of mutation {unknown}
 f - a potion of brilliance {unknown}
 h - 3 potions of attraction {unknown}
 i - a potion of haste {unknown}
 o - 2 potions of might {unknown}
 p - a potion of resistance {unknown}
 t - a potion of degeneration {unknown}


   Skills:
 - Level 0.1 Long Blades
 - Level 0.6(2.0) Axes
 - Level 2.0 Maces & Flails
 - Level 2.0 Polearms
 - Level 2.1 Dodging
 - Level 2.0 Stealth
 + Level 2.4 Shields
 + Level 5.7 Spellcasting
 - Level 5.6 Conjurations
 - Level 6.9 Air Magic


You had 8 spell levels left.
You knew the following spells:

 Your Spells              Type           Power      Damage    Failure   Level
a - Shock                 Conj/Air       100%       1d9       1%          1
b - Static Discharge      Conj/Air       29%        N/A       1%          2
c - Swiftness             Air            31%        N/A       1%          3
d - Airstrike             Air            15%        N/A       1%          4

Your spell library contained the following spells:

 Spells                   Type           Power      Damage    Failure   Level
 Animate Skeleton         Necr           10%        N/A       3%          1


Dungeon Overview and Level Annotations

Branches:
Dungeon (7/15)             Temple (0/1) D:6

Altars:
Cheibriados
Qazlal
Vehumet


Innate Abilities, Weirdness & Mutations

You have a beak for a mouth.
You have claws for feet.
Your magical nature lets you fly swiftly and evasively.


Message History

The centaur misses you.
Casting: Static Discharge (safe; 1% risk of failure)
Confirm with . or Enter, or press ? or * to list all spells.
The centaur is struck by an arc of lightning.
The centaur is severely wounded.
You are struck by an arc of lightning.
The lightning grounds out.
The centaur completely misses you. The centaur barely misses you.
You barely miss the centaur. Your kick misses the centaur.
The centaur is severely wounded.
The centaur hits you but does no damage.
The centaur kicks you. The centaur barely misses you. x2
You barely miss the centaur. Your kick misses the centaur.
You peck the centaur, but do no damage.
The centaur is severely wounded.
The centaur hits you. The centaur kicks you. The centaur closely misses you.
The centaur kicks you but does no damage.
You closely miss the centaur. You claw the centaur, but do no damage.
The centaur is severely wounded.
The centaur hits you.
* * * LOW HITPOINT WARNING * * *
The centaur kicks you.
* * * LOW HITPOINT WARNING * * *
The centaur hits you.
* * * LOW HITPOINT WARNING * * *
The centaur misses you.
Casting: Static Discharge (safe; 1% risk of failure)
Confirm with . or Enter, or press ? or * to list all spells.
The centaur is struck by an arc of lightning.
The centaur is almost dead.
You are struck by an arc of lightning.
* * * LOW HITPOINT WARNING * * *
The lightning grounds out.
The centaur misses you.
The centaur kicks you but does no damage.
Casting: Static Discharge (safe; 1% risk of failure)
Confirm with . or Enter, or press ? or * to list all spells.
The centaur is struck by an arc of lightning!
You kill the centaur!
Vehumet accepts your kill.
You are struck by an arc of lightning.
You die...

>....#
#..########
######
#..........
#.#########
#.# #.# #.#
##### #)#
#....
###'##..#
#....@)#
#......#
#........#
#......#...#
#......##...#
###+##.. #.##
#.. ... ###
#.


There were no monsters in sight!

Vanquished Creatures
  An orc warrior (D:4)
  An ogre (D:5)
  2 centaurs (D:6)
  2 phantoms
  A kobold brigand (D:6)
  A bullfrog (D:6)
  A scorpion (D:5)
  A water moccasin skeleton (D:4)
  A jelly (D:6)
  2 orc priests (D:4)
  A hound (D:6)
  A centaur skeleton (D:6)
  2 iguanas
  2 orc wizards
  Ijyb (D:2)
  A howler monkey skeleton (D:6)
  A howler monkey zombie (D:6)
  A gnoll (D:1)
  2 adders
  2 shadow imps
  3 worms (D:2)
  2 dart slugs
  9 orcs
  11 bats
  6 endoplasms
  2 giant cockroaches
  5 goblins
  15 hobgoblins
  9 kobolds
  7 quokkas
  7 ball pythons
  6 frilled lizards
  6 rats
115 creatures vanquished.

Vanquished Creatures (others)
  A ball python (D:3)
1 creature vanquished.

Grand Total: 116 creatures vanquished

Notes
Turn   | Place    | Note
-------+----------+-------------------------------------------
     0 | D:1      | lmSkywalker the Tengu Air Elementalist began the quest for
                  | the Orb.
     0 | D:1      | Reached XP level 1. HP: 10/10 MP: 4/4
   220 | D:1      | You fall into a shaft and drop 1 floor!
   226 | D:2      | Reached XP level 2. HP: 5/15 MP: 1/6
   729 | D:1      | Learned a level 2 spell: Static Discharge
  1096 | D:1      | Found a faded altar of an unknown god.
  1101 | D:1      | Reached XP level 3. HP: 15/19 MP: 3/8
  1178 | D:1      | Learned a level 3 spell: Swiftness
  1183 | D:1      | Got Plato's Grimoire of Evil Arts
  2265 | D:2      | Reached XP level 4. HP: 24/24 MP: 8/10
  3655 | D:3      | Noticed Ijyb
  3668 | D:3      | HP: 1/24 [Ijyb/iceblast (14)]
  3971 | D:3      | Learned a level 4 spell: Airstrike
  4448 | D:2      | Killed Ijyb
  4449 | D:2      | Gained mutation: Your magical nature lets you fly swiftly
                  | and evasively. [Tengu growth]
  4449 | D:2      | Reached XP level 5. HP: 10/28 MP: 0/11
  4683 | D:3      | Reached skill level 5 in Air Magic
  5033 | D:3      | You are sucked into a shaft and drop 1 floor!
  5229 | D:4      | Found a stormy altar of Qazlal.
  5255 | D:4      | You are sucked into a shaft and drop 3 floors!
  5349 | D:6      | Reached XP level 6. HP: 31/32 MP: 10/13
  5443 | D:5      | Entered Level 5 of the Dungeon
  5453 | D:6      | Reached skill level 1 in Polearms
  6076 | D:4      | Reached skill level 6 in Air Magic
  6076 | D:4      | Reached XP level 7. HP: 33/36 MP: 5/14
  6647 | D:4      | Reached skill level 1 in Maces & Flails
  6649 | D:4      | Reached skill level 5 in Conjurations
  6969 | D:4      | Found a radiant altar of Vehumet.
  6970 | D:4      | Found a snail-covered altar of Cheibriados.
  6982 | D:4      | Became a worshipper of Vehumet
  7053 | D:5      | Reached skill level 5 in Spellcasting
  7738 | D:6      | Reached skill level 1 in Shields
  7738 | D:6      | Reached XP level 8. HP: 41/41 MP: 4/16
  7943 | D:6      | Found a staircase to the Ecumenical Temple.
  7957 | D:6      | Identified the +6 hand axe of Causality {vorpal, *Noise
                  | +Rage Dex+3}
  8196 | D:6      | HP: 1/41 [/static electricity (3)]
  8197 | D:6      | Killed from afar by themself

Illustrated notes

Levels and vault maps discovered:
D:1:      dpeg_arrival_arbitrary_a, layout_basic,
          shapermc_ecumenical_altar_rom_forum
D:2:      layout_basic
D:3:      minmay_general_purpose_star, layout_rooms, minmay_starry_boxes,
          uniq_ijyb
D:4:      layout_loops_ring, gammafunk_temple_overflow_wave,
          mainiacjoe_overflow_chevrons
D:5:      layout_cave_pools, chequers_serial_rivers_large_b
D:6:      layout_basic, minmay_temple_entry_metal_lava,
          biasface_ghost_orc_armoury, minmay_manual_mares
D:7:      layout_rooms, hex_tiny

Skill      XL: |  1  2  3  4  5  6  7  8 |
---------------+-------------------------+-----
Spellcasting   | 3 4 5 |  5.7
Conjurations   | 2 3 4 5 |  5.6
Air Magic      | 5 6 |  6.9
Polearms       | 2 |  2.0
Maces & Flails | 2 |  2.0
Shields        | 1 2 |  2.4
Long Blades    | |  0.1
Axes           | |  0.6
Dodging        | |  2.1
Stealth        | |  2.0

Action                   |  1- 3 |  4- 6 |  7- 9 || total
-------------------------+-------+-------+-------++-------
Melee: Unarmed           |     2 |     2 |       ||     4
       Falchion          |       |     7 |       ||     7
       Spear             |       |    15 |       ||    15
       Peck              |       |     3 |     3 ||     6
       Whip              |       |       |     7 ||     7
       Hand axe          |       |       |     5 ||     5
       Kick              |       |       |     2 ||     2
 Cast: Shock             |    95 |    89 |    46 ||   230
       Static Discharge  |     4 |    21 |    17 ||    42
       Airstrike         |       |       |     5 ||     5
  Use: Scroll            |       |     3 |     1 ||     4
 Stab: Sleeping          |       |     1 |       ||     1
Armor: Robe              |     7 |     4 |     6 ||    17
Dodge: Dodged            |    21 |    38 |    25 ||    84
       Rpst.: Falchion   |       |     2 |       ||     2

Table legend: (Time is in decaauts)
 A = Elapsed time spent in this place.
 B = Non-inter-level travel time spent in this place.
 C = Inter-level travel time spent in this place.
 D = Time resting spent in this place.
 E = Time spent auto-exploring this place.
 F = Levels seen in this place.
 G = Mean time per level.
                   A        B        C        D        E       F      G
               +--------+--------+--------+--------+--------+-----+--------+
         Total |   8017 |   7837 |    180 |   2276 |   3958 |   7 | 1145.3 |
       Dungeon |   8017 |   7837 |    180 |   2276 |   3958 |   7 | 1145.3 |
               +--------+--------+--------+--------+--------+-----+--------+

Top non-repeatable levels by time:
     D:2: 2471 daAuts
     D:1: 1812 daAuts
     D:4: 1359 daAuts
     D:5: 889 daAuts
     D:3: 726 daAuts
     D:6: 685 daAuts
     D:7: 72 daAuts
